 Dungeon Crawl Stone Soup version 0.30-b1-2-g02819fbbbe (webtiles) character file.

Game seed: 1637678741888175360

628 Demmmu the Grappler (level 7, -2/100 HPs)
             Began as a Troll Berserker on June 28, 2023.
             Was a Priest of Trog.
             Slain by an orc
             ... wielding a +5 morningstar
              (13 damage)
             ... on level 4 of the Dungeon.
             The game lasted 00:15:36 (3523 turns).

Demmmu the Grappler (Troll Berserker)               Turns: 3523, Time: 00:15:37

Health: -2/100     AC:  4    Str: 28    XL:     7   Next: 23%
Magic:  6/6        EV: 10    Int:  3    God:    Trog [***...]
Gold:   222        SH:  0    Dex:  9    Spells: 6/6 levels left

rFire   . .          .
                       - Unarmed
rCold   . . .        (no shield)
rNeg    . . .        a - +0 animal skin
rPois   .            (helmet restricted)
rElec   .            (no cloak)
rCorr   .            (gloves unavailable)
SInv    .            (boots unavailable)
Will    .....        (no amulet) Stlth
                     (no ring)
HPRegen 1.16/turn    (no ring)
MPRegen 0.10/turn

%: no passive effects
@: berserking, studying Unarmed Combat, very quick
A: large, unfitting armour, claws 3, regeneration 1, shaggy fur 1, tough skin 1
a: Renounce Religion, Berserk, Trog's Hand


You were on level 4 of the Dungeon.
You worshipped Trog.
Trog was most pleased with you.
You visited 1 branch of the dungeon, and saw 4 of its levels.

You collected 244 gold pieces.
You spent 22 gold pieces at shops.

Inventory:

Hand Weapons
 x - a +0 war axe
Missiles
 h - 2 poisoned darts (quivered)
 w - a throwing net
Armour
 a - a +0 animal skin (worn)
 g - a +0 robe
 n - a +0 ring mail
 r - a +1 pair of gloves
Jewellery
 o - a +4 ring of protection
 v - a +4 ring of protection
Wands
 u - a wand of quicksilver (11)
 y - a wand of flame (22)
Scrolls
 b - a scroll of amnesia
 c - a scroll of fear
 d - a scroll of enchant armour {unknown}
 e - 2 scrolls of fog
 f - 10 scrolls of identify
 i - a scroll of noise {unknown}
 j - a scroll of teleportation {unknown}
 p - 3 scrolls of magic mapping {unknown}
Potions
 k - 3 potions of flight {unknown}
 l - 4 potions of berserk rage {unknown}
 m - a potion of heal wounds {unknown}
 q - 4 potions of curing {unknown}
 s - a potion of lignification {unknown}
 t - a potion of might {unknown}
 z - a potion of cancellation {unknown}


   Skills:
 + Level 3.5 Fighting
 + Level 4.4 Dodging
 + Level 0.6 Stealth
 + Level 8.0 Unarmed Combat


You had 6 spell levels left.
You didn't know any spells.
Your spell library contained the following spells:

 Spells                   Type           Power      Damage    Failure   Level
 Magic Dart               Conj           0%         1d3       52%         1
 Searing Ray              Conj           0%         2d4       67%         2
 Fulminant Prism          Conj/Hex       0%         3d5       99%         4


Dungeon Overview and Level Annotations

Branches:
Dungeon (4/15)
 Temple: D:4-7

Altars:
Elyvilon

Shops:
D:1 ((*?


Innate Abilities, Weirdness & Mutations

You are too large for most types of armour.
You have claws for hands.
Your natural rate of healing is unusually fast.
You are covered in fur. (AC +1)
You have tough skin. (AC +1)


Message History

You are too injured to fight recklessly!
You are too injured to fight recklessly!
You scratch the orc.
The orc is almost dead.
You barely miss the orc.
The orc is almost dead.
The orc hits you from afar with a +0 trident.
The orc priest hits you with a +0 war axe!
* * * LOW HITPOINT WARNING * * *
The orc priest looks braver for a moment.
The orc hits you with a +0 club.
* * * LOW HITPOINT WARNING * * *
You claw the orc priest!
You kill the orc priest!
Trog accepts your kill.
You mangle the orc priest!!
You kill the orc priest!
Trog accepts your kill. The orc closely misses you.
The orc hits you but does no damage.
Your Unarmed Combat skill increases to level 8!
You claw the orc!
You kill the orc!
Trog accepts your kill.
You are too injured to fight recklessly!
You are too injured to fight recklessly!
You barely miss the orc. The orc hits you with a +5 morningstar.
* * * LOW HITPOINT WARNING * * *
The orc hits you from afar with a +0 trident.
* * * LOW HITPOINT WARNING * * *
You mangle the orc!!
You kill the orc!
Trog accepts your kill. The orc hits you with a +5 morningstar!
* * * LOW HITPOINT WARNING * * *
The orc barely misses you.
You mangle the orc!!
You kill the orc!
Trog accepts your kill. The orc barely misses you.
The orc hits you with a +5 morningstar!
You die...

#.##.###>.######
#..8#######
#...#.....8
#...#..##..
#...#..#8..
#...#..##..
#...#.#....
#...'o#...[
#..@o.#.8._
##..o.#...[
#..#.#...)
#..#oo##..
#..#..#8..
#..#..##..
#..#.....8
#.8####### ####


You could see 5 orcs.

Vanquished Creatures
  The ghost of suse60 the Cudgeller, an amateur MeRe (D:4)
  A phantom (D:4)
  2 orc priests (D:4)
  A hound (D:4)
  An orc wizard (D:3)
  14 gnolls
  9 adders
  An ufetubus (D:3)
  3 dart slugs
  6 orcs (D:4)
  15 ball pythons
  6 bats
  5 endoplasms
  4 giant cockroaches
  8 goblins
  3 hobgoblins
  5 kobolds
  A frilled lizard (D:1)
  2 rats
88 creatures vanquished.

Vanquished Creatures (others)
  5 plants (D:4)
5 creatures vanquished.

Grand Total: 93 creatures vanquished

Notes
Turn   | Place    | Note
-------+----------+-------------------------------------------
     0 | D:1      | Demmmu the Troll Berserker began the quest for the Orb.
     0 | D:1      | Reached XP level 1. HP: 22/22 MP: 0/0
   167 | D:1      | Found Naifriet's Assorted Antiques.
   193 | D:1      | Found a faded altar of an unknown god.
   197 | D:1      | Found Hisavor's Weapon Shop.
   200 | D:1      | Reached XP level 2. HP: 29/29 MP: 1/1
   298 | D:1      | Found Qajyc's Antique Armour Shop.
   384 | D:1      | Found Dicakoha's Magic Scroll Shop.
   389 | D:1      | Bought a scroll of identify for 22 gold pieces
   462 | D:1      | Found Achus's Weapon Shop.
   485 | D:1      | Reached XP level 3. HP: 36/36 MP: 2/2
  1098 | D:2      | Reached ** piety under Trog
  1270 | D:2      | Reached skill level 4 in Unarmed Combat
  1270 | D:2      | Reached XP level 4. HP: 41/45 MP: 3/3
  1869 | D:3      | Reached skill level 5 in Unarmed Combat
  2071 | D:3      | Reached XP level 5. HP: 28/53 MP: 4/4
  2589 | D:4      | Reached skill level 6 in Unarmed Combat
  2668 | D:4      | Found a white marble altar of Elyvilon.
  2745 | D:4      | Reached XP level 6. HP: 28/61 MP: 5/5
  3228 | D:4      | Reached skill level 7 in Unarmed Combat
  3367 | D:4      | Found a runed translucent gate.
  3367 | D:4      | Noticed suse60's ghost (amateur MeRe)
  3368 | D:4      | Found a runed translucent gate.
  3369 | D:4      | Found a runed translucent gate.
  3513 | D:4      | Killed suse60's ghost
  3514 | D:4      | Reached XP level 7. HP: 52/67 MP: 6/6
  3519 | D:4      | Reached skill level 8 in Unarmed Combat
  3521 | D:4      | Reached *** piety under Trog
  3523 | D:4      | Slain by an orc

Illustrated notes

Levels and vault maps discovered:
D:1:      lightli_arrival_chessboard, layout_basic,
          ebering_ecumenical_altar_sacrificial, serial_shops, shop,
          nicolae_shop_tiny_real_fake_doors, nicolae_shop_crystal, shop, shop
D:2:      layout_basic
D:3:      minmay_bubble_buster, layout_basic, patterned_corridor
D:4:      layout_basic, elyvilon_altar_1, biasface_ghost_orc_armoury,
          serial_bayou_pond_d, minmay_misc_feat_four_crosses

Skill      XL: |  1  2  3  4  5  6  7 |
---------------+----------------------+-----
Fighting       | 3 |  3.5
Unarmed Combat | 4 5 6 7 8 |  8.0
Dodging        | 3 4 |  4.4
Stealth        | |  0.6

Action                     |  1- 3 |  4- 6 |  7- 9 || total
---------------------------+-------+-------+-------++-------
  Melee: Unarmed           |    70 |   155 |     9 ||   234
         Punch             |       |     5 |       ||     5
 Invoke: Berserk           |       |     4 |       ||     4
         Trog's Hand       |       |     1 |       ||     1
    Use: Potion            |     1 |       |       ||     1
         Scroll            |     3 |       |       ||     3
 Armour: Animal skin       |    29 |    47 |     1 ||    77
  Dodge: Dodged            |    34 |    98 |     3 ||   135
